 Dungeon Crawl Stone Soup version 0.25.1-9-gc5326a611f (webtiles) character file.

Game seed: 6029054599876551031

46032 Clowwww the Severer (level 14, -8/125 HPs)
             Began as a Hill Orc Fighter on Dec 29, 2020.
             Splashed by an acid blob's acid (15 damage)
             ... on level 1 of the Pits of Slime.
             The game lasted 00:47:53 (20010 turns).

Clowwww the Severer (Hill Orc Fighter)             Turns: 20010, Time: 00:47:53

Health: -8/125     AC:  2    Str: 33    XL:     14   Next: 35%
Magic:  0/15       EV: 17    Int:  8    God:
Gold:   1044       SH: 14    Dex: 14    Spells: 13/13 levels left

rFire    . . .     SeeInvis .   A - +6 war axe "Uleveis" {vorpal, rC+ Stlth+}
rCold    + . .     Gourm    .   c - +0 kite shield
rNeg     + . .     Faith    .   a - +5 scale mail
rPois    .         Spirit   .   (no helmet)
rElec    .         Reflect  .   q - +2 cloak {MR+}
rCorr    .         Harm     .   w - +0 pair of gloves
MR       +++..                  O - -2 pair of boots of Lugonu's Anger {rN+ MR+ Str+3 Dex+4}
Stlth    ++........             M - amulet of the acrobat
HPRegen  0.30/turn              g - +4 ring of evasion
MPRegen  0.14/turn              y - +6 ring of strength

@: corroded
A: no striking features
a: no special abilities


You were on level 1 of the Pits of Slime.
You were not hungry.

You visited 4 branches of the dungeon, and saw 19 of its levels.

You collected 1044 gold pieces.

Inventory:

Hand Weapons
 s - a +0 war axe of electrocution
 A - the +6 war axe "Uleveis" (weapon) {vorpal, rC+ Stlth+}
   (You found it on level 6 of the Dungeon)

   It inflicts extra damage upon your enemies.
   It protects you from cold.
   It makes you more stealthy.
 F - the +6 great mace of the Goat {vorpal, +Blink rN+ Int+5 Dex-5}
   (You found it on level 11 of the Dungeon)

   It inflicts extra damage upon your enemies.
   It affects your intelligence (+5).
   It affects your dexterity (-5).
   It protects you from negative energy.
   It lets you blink.
Missiles
 m - 5 throwing nets
 n - 4 boomerangs (quivered)
 K - 3 boomerangs of dispersal
Armour
 a - a +5 scale mail (worn)
 c - a +0 kite shield (worn)
 q - a +2 cloak of magic resistance (worn)
 w - a +0 pair of gloves (worn)
 O - the -2 pair of boots of Lugonu's Anger (worn) {rN+ MR+ Str+3 Dex+4}
   (You found it on level 11 of the Dungeon)

   It affects your strength (+3).
   It affects your dexterity (+4).
   It protects you from negative energy.
   It affects your resistance to hostile enchantments.
Jewellery
 g - a +4 ring of evasion (left hand)
 y - a +6 ring of strength (right hand)
 G - an uncursed ring of protection from fire
 L - a +6 ring of dexterity
 M - an amulet of the acrobat (around neck)
 N - a +6 ring of dexterity
 P - an uncursed ring of resist corrosion {unknown}
Wands
 b - a wand of flame (21)
 d - a wand of random effects (6)
 p - a wand of polymorph (13)
 u - a wand of enslavement (6)
 z - a wand of paralysis (9)
 C - a wand of iceblast (4)
 J - a wand of clouds (1)
Scrolls
 e - 5 scrolls of remove curse
 l - 8 scrolls of teleportation
 B - a scroll of magic mapping
 D - 2 scrolls of fog
 E - 3 scrolls of amnesia
 I - a scroll of fear
 Q - a scroll of identify
Potions
 h - a potion of ambrosia
 i - 10 potions of curing
 j - 2 potions of stabbing {unknown}
 k - a potion of mutation {unknown}
 o - 3 potions of flight
 r - a potion of heal wounds
 t - 2 potions of degeneration
 v - 2 potions of invisibility
 x - a potion of magic {unknown}
 H - 3 potions of might
Comestibles
 f - 34 rations


   Skills:
 + Level 11.9 Fighting
 + Level 16.9(17.4) Axes
 + Level 6.6(11.6) Maces & Flails
 + Level 6.2 Throwing
 + Level 10.6 Armour
 + Level 6.2 Dodging
 + Level 2.7 Stealth
 + Level 11.2 Shields
 + Level 1.6 Evocations


You had 13 spell levels left.
You didn't know any spells.
Your spell library contained the following spells:

 Spells                   Type           Power        Failure   Level  Hunger
 Beastly Appendage        Tmut           #.....       77%         1    ##.....
 Infusion                 Chrm           #...         77%         1    ##.....
 Song of Slaying          Chrm           #.......     88%         2    ###....
 Sticks to Snakes         Tmut           #.......     88%         2    ###....
 Recall                   Summ/Tloc      N/A          98%         3    ####...
 Spectral Weapon          Hex/Chrm       #.......     98%         3    ####...
 Spider Form              Tmut/Pois      #.........   98%         3    ####...
 Animate Dead             Necr           N/A          100%        4    #####..
 Ice Form                 Ice/Tmut       #.......     100%        4    #####..
 Summon Lightning Spire   Summ/Air       #.......     100%        4    #####..
 Blade Hands              Tmut           #.........   100%        5    ######.
 Borgnjor's Vile Clutch   Necr/Erth      #.........   100%        5    ######.
 Silence                  Hex/Air        #.........   100%        5    ######.
 Conjure Ball Lightning   Conj/Air       #.........   100%        6    #######
 Death Channel            Necr           #.........   100%        6    #######
 Simulacrum               Ice/Necr       #.........   100%        6    #######
 Tornado                  Air            #.........   100%        9    #######


Dungeon Overview and Level Annotations

Branches:
Dungeon (12/15)            Temple (1/1) D:6            Lair (5/6) D:9
 Shoals (0/4) Lair:3       Spider (0/4) Lair:3        Slime (1/5) Lair:5
    Orc (0/2) D:10

Altars:
Ashenzari
Cheibriados
Dithmenos
Elyvilon
Fedhas
Gozag
Hepliaklqana
Kikubaaqudgha
Makhleb
Nemelex Xobeh
Okawaru
Qazlal
Ru
Sif Muna
Trog
Uskayaw
Vehumet
Wu Jian
Xom
Yredelemnul
Zin
The Shining One
Beogh

Annotations:
Lair:5 exclusion: oklob plant


Message History

* * * LOW HITPOINT WARNING * * *
Evoke which item? (* to show all) (? for menu, Esc to quit)
Aiming: Iceblast
Press: ? - help, Shift-Dir - straight line, f/p - acid blob
Aim: an acid blob (severely wounded)
Okay, then.
Unknown command.
Evoke which item? (* to show all) (? for menu, Esc to quit)
Aiming: Iceblast
Press: ? - help, Shift-Dir - straight line, f/p - acid blob
Aim: an acid blob (severely wounded)
The mass of ice explodes!
The iceblast engulfs the acid blob!
The acid blob is almost dead.
The iceblast engulfs the eye of draining!
The eye of draining is severely wounded.
The acid blob spits acid at you. The splash of acid hits you.
* * * LOW HITPOINT WARNING * * *
The acid corrodes you!
You are splashed with acid!
You die...

## ####.# #.#### ##.
##.#...###.....### ..
#.................
##.##.................
......#..............
#....#......#..G.....
#....##......#J......
#....###.............
#.....#.....@........
###.....#.............
##.#.................#.
#............>.......#
##.<...................
#..................#...
#......................
##.........#...........
#.................#


You could see an acid blob and an eye of draining.

Vanquished Creatures
  A frost giant (D:11)
  A war gargoyle (D:11)
  6 hydras
  An ice dragon (Lair:1)
  2 catoblepae
  2 two-headed ogres
  A centaur warrior (D:10)
  2 death yaks (Lair:3)
  A lindwurm (Lair:5)
  A manticore (Lair:5)
  11 elephants
  A torpor snail (Lair:3)
  2 black mambas
  11 spiny frogs
  4 rime drakes
  A kobold demonologist (D:10)
  3 komodo dragons
  3 meliai (Lair:5)
  2 trolls
  5 jumping spiders
  A queen bee (Lair:5)
  3 polar bears
  10 blink frogs
  9 hippogriffs
  Sigmund (D:2)
  5 redbacks (Lair:3)
  A wyvern (Lair:5)
  18 yaks
  A basilisk (D:9)
  A steam dragon (D:9)
  3 hungry ghosts
  13 water moccasins
  5 orc warriors
  11 porcupines
  3 sky beasts
  An ice beast (D:11)
  2 black bears
  5 phantoms
  A necrophage (D:8)
  5 ogres
  9 wolves
  7 centaurs
  18 big kobolds
  12 crocodiles
  17 bullfrogs
  5 scorpions
  47 killer bees
  An electric eel (Lair:1)
  3 wights (D:9)
  A howler monkey (D:4)
  5 crimson imps
  A bullfrog zombie (D:10)
  A quasit (D:12)
  2 hounds
  2 centaur zombies
  A gnoll shaman (D:8)
  13 orc priests
  Crazy Yiuf (D:3)
  A jelly (D:11)
  10 orc wizards
  3 bullfrog skeletons
  3 iguanas
  A hell rat (Lair:5)
  8 worker ants
  A hound zombie (D:7)
  A hound skeleton (D:6)
  Robin (D:2)
  A worker ant zombie (D:9)
  8 gnolls (D:8)
  17 adders
  A shadow imp (D:5)
  3 oozes
  An adder skeleton (D:5)
  2 worms
  3 dart slugs
  4 leopard geckos
  53 orcs
  A ball python (D:2)
  6 bats
  4 giant cockroaches
  7 hobgoblins
  17 jackals
  24 kobolds
  3 quokkas
  A frilled lizard (D:4)
  19 goblins
  A leopard gecko skeleton (D:8)
  A leopard gecko zombie (D:9)
  A quokka skeleton (D:8)
  7 rats
  2 fungi
  3 plants
525 creatures vanquished.

Vanquished Creatures (others)
  7 fungi
  4 plants
11 creatures vanquished.

Grand Total: 536 creatures vanquished

Notes
Turn   | Place    | Note
-------+----------+-------------------------------------------
     0 | D:1      | Clowwww the Hill Orc Fighter began the quest for the Orb.
     0 | D:1      | Reached XP level 1. HP: 19/19 MP: 1/1
   132 | D:1      | Reached XP level 2. HP: 23/27 MP: 2/2
   834 | D:2      | Reached skill level 3 in Axes
   834 | D:2      | Reached XP level 3. HP: 33/33 MP: 3/3
   845 | D:2      | Noticed Sigmund
   858 | D:2      | Killed Sigmund
   858 | D:2      | Reached skill level 4 in Axes
   858 | D:2      | Reached XP level 4. HP: 29/40 MP: 4/4
   858 | D:2      | Reached XP level 5. HP: 34/46 MP: 5/5
  1468 | D:2      | Found a blossoming altar of Fedhas.
  1468 | D:2      | Found a snail-covered altar of Cheibriados.
  1497 | D:2      | You fall into a shaft and drop 1 floor!
  1533 | D:3      | Reached skill level 5 in Axes
  1533 | D:3      | Reached XP level 6. HP: 53/53 MP: 6/6
  1765 | D:3      | Found a shimmering blue altar of Sif Muna.
  2502 | D:3      | Found a runed translucent door.
  2503 | D:3      | Noticed Crazy Yiuf
  2509 | D:3      | Killed Crazy Yiuf
  2509 | D:3      | Reached skill level 1 in Dodging
  2929 | D:2      | Noticed Robin
  2944 | D:2      | Killed Robin
  3399 | D:4      | Noticed a phantom
  3417 | D:4      | Killed a phantom
  3417 | D:4      | Reached skill level 5 in Fighting
  3417 | D:4      | Reached skill level 6 in Axes
  3417 | D:4      | Reached skill level 5 in Shields
  3417 | D:4      | Reached XP level 7. HP: 44/61 MP: 7/7
  3524 | D:4      | Found a burning altar of Makhleb.
  3524 | D:4      | Noticed a balrug
  3527 | D:4      | Noticed a hellwing
  3527 | D:4      | Noticed a ynoxinul
  3748 | D:4      | Reached skill level 7 in Axes
  3750 | D:4      | Reached skill level 5 in Armour
  3790 | D:5      | Entered Level 5 of the Dungeon
  4055 | D:5      | Reached XP level 8. HP: 58/68 MP: 8/8
  4412 | D:4      | Reached skill level 8 in Axes
  4412 | D:4      | Reached skill level 1 in Throwing
  5446 | D:6      | Reached skill level 9 in Axes
  5593 | D:7      | Found a shattered altar of Ashenzari.
  5752 | D:7      | Reached XP level 9. HP: 52/75 MP: 9/9
  6102 | D:7      | Found an ancient bone altar of Kikubaaqudgha.
  6790 | D:6      | Reached skill level 10 in Axes
  6800 | D:6      | Found a staircase to the Ecumenical Temple.
  6850 | D:6      | Found a hazy altar of Hepliaklqana.
  6859 | Temple   | Entered the Ecumenical Temple
  7018 | D:6      | Got a brightly glowing war axe
  7027 | D:6      | Identified the +6 war axe "Uleveis" {vorpal, rC+ Stlth+}
                  | (You found it on level 6 of the Dungeon)
  7439 | D:8      | Noticed a two-headed ogre
  7448 | D:8      | Killed a two-headed ogre
  7448 | D:8      | Reached skill level 11 in Axes
  7449 | D:8      | Reached skill level 1 in Stealth
  7564 | D:8      | Reached XP level 10. HP: 74/84 MP: 10/10
  7759 | D:8      | Found a shadowy altar of Dithmenos.
  7875 | D:8      | Reached skill level 12 in Axes
  8483 | D:9      | Found a staircase to the Lair.
  8574 | D:9      | Found a roughly hewn altar of Beogh.
  8699 | D:9      | Reached skill level 13 in Axes
  9037 | D:9      | Noticed a two-headed ogre
  9045 | D:9      | Killed a two-headed ogre
  9045 | D:9      | Reached XP level 11. HP: 76/92 MP: 11/11
  9233 | Lair:1   | Entered Level 1 of the Lair of Beasts
  9244 | Lair:1   | Reached skill level 14 in Axes
  9324 | Lair:1   | Found a blossoming altar of Fedhas.
  9533 | Lair:1   | Noticed a six-headed hydra
 10168 | Lair:1   | Noticed an ice dragon
 10190 | Lair:1   | Killed an ice dragon
 10488 | Lair:2   | Reached skill level 1 in Evocations
 10938 | Lair:2   | Got a transparent leather armour
 10956 | Lair:2   | Identified the cursed +0 leather armour of Baldness {-Cast
                  | Str+5} (You found it on level 2 of the Lair of Beasts)
 11443 | Lair:2   | Reached skill level 5 in Throwing
 11455 | Lair:2   | Reached skill level 15 in Axes
 11568 | Lair:2   | Reached XP level 12. HP: 103/103 MP: 12/12
 11790 | Lair:3   | Found a staircase to the Shoals.
 11840 | Lair:3   | Noticed a catoblepas
 11841 | Lair:3   | Noticed a seven-headed hydra
 11858 | Lair:3   | Killed a catoblepas
 12084 | Lair:3   | Reached skill level 16 in Axes
 12472 | Lair:4   | Noticed a four-headed hydra
 12842 | Lair:3   | Noticed a death yak
 12847 | Lair:3   | Noticed a death yak
 12851 | Lair:3   | Noticed a four-headed hydra
 13227 | D:10     | Entered Level 10 of the Dungeon
 13451 | D:10     | Noticed a centaur warrior
 13460 | D:10     | Killed a centaur warrior
 13460 | D:10     | Reached skill level 10 in Fighting
 13584 | D:10     | Reached skill level 10 in Shields
 13708 | D:10     | Found a staircase to the Orcish Mines.
 13901 | D:10     | Reached XP level 13. HP: 112/113 MP: 13/13
 14720 | D:11     | Reached skill level 5 in Dodging
 14918 | D:11     | Found a burning altar of Makhleb.
 15372 | D:11     | Noticed a frost giant
 15373 | D:11     | Noticed a war gargoyle
 15380 | D:11     | Killed a frost giant
 15382 | D:11     | Got a faintly glowing great mace
 15389 | D:11     | Killed a war gargoyle
 15390 | D:11     | Identified Ericat's Volume of Boosts
 15399 | D:11     | Got a pair of distressingly furry boots
 15775 | D:11     | Identified the +6 great mace of the Goat {vorpal, +Blink
                  | rN+ Int+5 Dex-5} (You found it on level 11 of the Dungeon)
 16264 | Lair:3   | Reached skill level 1 in Maces & Flails
 16748 | Lair:3   | Found a hole to the Spider Nest.
 17144 | Lair:3   | Reached skill level 10 in Armour
 17161 | Lair:3   | Identified the cursed -2 pair of boots of Lugonu's Anger
                  | {rN+ MR+ Str+3 Dex+4} (You found it on level 11 of the
                  | Dungeon)
 17556 | Lair:3   | Reached skill level 5 in Maces & Flails
 18754 | Lair:5   | Reached XP level 14. HP: 97/124 MP: 15/15
 19959 | Lair:5   | Found a staircase to the Slime Pits.
 19976 | Slime:1  | Entered Level 1 of the Pits of Slime
 19997 | Slime:1  | Noticed an acid blob
 20010 | Slime:1  | Splashed by an acid blob's acid

Illustrated notes

Levels and vault maps discovered:
D:1:      lightli_arrival_statue_moat, layout_basic
D:2:      layout_basic, chequers_temple_overflow_statue_of_worship,
          grunt_ministairs_1, st_stairs_1, hex_medium, uniq_robin, uniq_sigmund
D:3:      layout_basic, led_sif_book, uniq_crazy_yiuf_cottage
D:4:      layout_basic, makhleb_altar_promises_db, kennysheep_big_empty_room
D:5:      layout_cave_pools, first_ration
D:6:      layout_basic, lemuel_crystal_altar,
          minmay_temple_entry_statues_fountains
D:7:      layout_gridville, lemuel_round_altar, nicolae_overflow_crystal_walls,
          grunt_ogre_cave
D:8:      layout_basic, nicolae_dithmenos_shadow_blocks, feat_on_display
D:9:      layout_rooms, minmay_lair_entry_grove, david_defended_altar_orc
D:10:     layout_long_grid, hiddenorc1_lemuel, special_room
          [special_room_kobold], kennysheep_generic_room_11
D:11:     minmay_the_grid_four_pointed_star
          [minmay_the_grid_triangle_9x9_impossible_snake,
          minmay_the_grid_triangle_9x9_empty,
          minmay_the_grid_triangle_9x9_from_above,
          minmay_the_grid_triangle_9x9_corrupted_corridor,
          minmay_the_grid_prize_diamond_cup], layout_stronghold, basic_altar
D:12:     layout_cave_pools, grunt_decor_mini_mirrors,
          lemuel_mausoleum_altar_kikubaaqudgha
Temple:   nicolae_temple_great_sept
Lair:1:   dragon1_lemuel, layout_gridlike, basic_altar, grunt_megastairs_4
Lair:2:   layout_regular_city, infiniplex_staircase_pool
Lair:3:   layout_roguey, shoals_dummy_entry, nicolae_spider_entry_tight_spaces
Lair:4:   layout_roguey, serial_bayou_pond_a
Lair:5:   regret_index_harrowing_hell_hive, layout_long_grid, slime_dummy,
          lemuel_fruit_tree, grunt_megastairs_1, serial_bayou_shore_b
Slime:1:  layout_caves, nicolae_slime_barrier

Skill      XL: |  1  2  3  4  5  6  7  8  9 10 11 12 13 14 |
---------------+-------------------------------------------+-----
Axes           | 3 4 5 6 7 9 11 13 15 16 | 16.9
Fighting       | 4 5 6 7 8 10 11 | 11.9
Armour         | 4 5 6 7 8 9 10 | 10.6
Shields        | 4 5 6 7 8 10 11 | 11.2
Dodging        | 1 2 3 4 5 6 |  6.2
Throwing       | 2 3 4 5 6 |  6.2
Stealth        | 1 2 |  2.7
Evocations     | 1 |  1.6
Maces & Flails | 6 |  6.6

Action                   |  1- 3 |  4- 6 |  7- 9 | 10-12 | 13-15 || total
-------------------------+-------+-------+-------+-------+-------++-------
Melee: War axe           |    75 |   174 |   243 |   444 |   321 ||  1257
       Great mace        |       |       |       |       |    82 ||    82
Throw: Boomerang         |       |     6 |    65 |    88 |    62 ||   221
Evoke: Wand              |       |       |     1 |    13 |     5 ||    19
  Use: Potion            |     1 |       |       |     7 |     3 ||    11
       Scroll            |       |       |    16 |    13 |     6 ||    35
 Stab: Sleeping          |       |       |       |       |     4 ||     4
       Distracted        |       |       |       |       |     1 ||     1
  Eat: Chunk             |       |     8 |    10 |    21 |    15 ||    54
       Ration            |       |       |     1 |       |     2 ||     3
Armor: Scale mail        |    28 |    98 |    83 |   142 |   170 ||   521
       Skin              |       |       |       |    80 |       ||    80
Dodge: Dodged            |    23 |    46 |    90 |   219 |   328 ||   706
Block: Kite shield       |    45 |    92 |   129 |   289 |   233 ||   788
